Cogmind - Beta 16.1 @@@ ROGUE MODE // 2026.02.25 @ 16:43:52 Player: oj;irsth;'shr Result: Destroyed by Enhanced Grunt with Neutron Cannon Performance ------------- Evolutions (4) 2000 Regions Visited (12) 2400 Robots Destroyed (170) 850 Value Destroyed (6019) 6019 Prototype IDs (18) 360 Alien Tech Used (0) 0 Bonus (1660) 1660 TOTAL SCORE: 13289 Bonus ------- High Alert Combat Kills 512 Follower Combat Kills 165 Entered Garrisons 200 Used RIF Installer 500 Met Data Miner 300 Friendly Fire -17 Cogmind --------- Core Integrity 0/850 Matter 249/300 Energy 99/100 System Corruption 0% Temperature Cool (0) Movement Core (50) Location -6/Data Miner Parts ------- > --- POWER (1) -------- (None) > --- PROPULSION (2) --- (None) > --- UTILITY (6) ------ Deep Network Scanner Ghost Barrier Quantum Router > --- WEAPON (6) ------- (None) > --- INVENTORY (5) ---- Matter Compressor (250) Advanced Sensor Array Medium Reactive Plating Splice Drone Bay (6/6) Remote Datajack Peak State ------------ > --- POWER ------------ Angular Momentum Engine > --- PROPULSION ------- Armored Huge Wheel > --- UTILITY ---------- Cargo Storage Unit Advanced Sensor Array Advanced Signal Interpreter Improved Medium Armor Plating Improved Shield Generator > --- WEAPON ----------- Gatling Laser Gatling Laser Thermic Laser Plasma Cannon Improved Plasma Cutter Power Sword > --- INVENTORY -------- Heavy Deuterium Engine Armored Treads Armored Treads Armored Treads Armored Treads Improved Cooling System Improved Cooling System Coolant Injector Energy Well Energy Well Energy Well Matter Compressor Advanced Terrain Scan Processor Transmission Jammer Improved Medium Armor Plating Improved Medium Armor Plating Improved Medium Armor Plating Layered Medium Armor Plating Medium Reactive Plating Medium Reactive Plating Medium Reflective Plating Improved Shield Generator Dynamic Insulation System Recalibrator Splice Drone Bay Plasma Cannon Heavy Ion Cannon Phase Cannon Gauss Cannon Heavy Missile Launcher [Rating: 73] Favorites ----------- Power Improved Deuterium Engine Engine Improved Deuterium Engine Power Core Micro Nuclear Core Propulsion Light Treads Treads Light Treads Leg Aluminum Leg Wheel Armored Huge Wheel Utility High-capacity Storage Unit Device Seismic Detector Storage High-capacity Storage Unit Processor Advanced Signal Interpreter Hackware Hacking Suite Protection Improved Medium Armor Plating Weapon Pulse Rifle Energy Gun Pulse Rifle Energy Cannon Plasma Cannon Ballistic Gun Assault Rifle Ballistic Cannon Light Cannon Launcher Mini Grenade Launcher Special Weapon Remote Datajack Impact Weapon Heavy Flail Slashing Weapon Power Sword Build | -11 -10 -10 -10 -9 -8 -8 -7 -7 -7 -6 -6 -6 ------- Run | Yrd Mat Min Exi Min Mat Gar Fac Was Fac Fac Low Dat Slots Evolved 8 | . . . . . 4 . 2 . . 2 . . Power . | . . . . . . . . . . . . . Propulsion . | . . . . . . . . . . . . . Utility 4 | . . . . . 2 . . . . 2 . . Weapon 4 | . . . . . 2 . 2 . . . . . Parts Attached 127 | 9 7 3 1 1 7 12 33 1 35 12 3 3 Power 14 | 1 1 1 . . 1 2 3 . 3 2 . . Engine 9 | 1 1 1 . . . 1 1 . 3 1 . . Core 5 | . . . . . 1 1 2 . . 1 . . Reactor . | . . . . . . . . . . . . . Propulsion 15 | 4 2 . . . 2 1 3 1 1 1 . . Treads 7 | 2 2 . . . 2 . 1 . . . . . Leg 2 | 2 . . . . . . . . . . . . Wheel 6 | . . . . . . 1 2 1 1 1 . . Hover . | . . . . . . . . . . . . . Flight . | . . . . . . . . . . . . . Utility 49 | 1 3 . 1 1 2 4 13 . 12 7 2 3 Device 18 | . 2 . . 1 . 1 8 . 3 3 . . Storage 5 | 1 1 . 1 . . . . . 1 1 . . Processor 5 | . . . . . 1 . . . 1 3 . . Hackware 6 | . . . . . . . 2 . 1 . . 3 Protection 15 | . . . . . 1 3 3 . 6 . 2 . Artifact . | . . . . . . . . . . . . . Weapon 49 | 3 1 2 . . 2 5 14 . 19 2 1 . Energy Gun 21 | 1 . . . . . 4 10 . 5 1 . . Energy Cannon 5 | . . . . . . . . . 5 . . . Ballistic Gun 11 | 2 . 1 . . 1 . 2 . 5 . . . Ballistic Cannon 2 | . . 1 . . 1 . . . . . . . Launcher 5 | . 1 . . . . 1 1 . 2 . . . Special Weapon 2 | . . . . . . . 1 . . . 1 . Impact Weapon 1 | . . . . . . . . . 1 . . . Slashing Weapon 2 | . . . . . . . . . 1 1 . . Piercing Weapon . | . . . . . . . . . . . . . Special Melee Weapon . | . . . . . . . . . . . . . Unidentified Prototypes 7 | . . . . 1 . . . . 3 . . 3 Parts Lost 46 | . 1 1 . . 1 10 10 7 2 . . 14 Power 7 | . 1 . . . . 1 1 1 1 . . 2 Propulsion 4 | . . . . . . 2 . 1 . . . 1 Utility 13 | . . . . . . 3 4 1 . . . 5 Weapon 22 | . . 1 . . 1 4 5 4 1 . . 6 Highest Loss Streak 14 | . 1 1 . . 1 10 4 6 1 . . 14 To Critical Strikes 1 | . . . . . . . 1 . . . . . Average Backups 19 | 5 11 14 16 19 18 16 16 14 17 27 29 28 Power 1 | . 1 . 1 1 1 1 1 1 . 1 1 . Propulsion 4 | 2 4 5 6 6 5 6 3 2 5 4 4 3 Utility 10 | 1 2 5 6 7 6 5 7 8 8 16 19 19 Weapon 3 | . 3 3 3 4 4 3 3 2 1 4 3 2 Tool/Special . | . . . . . . . . . . . . . Unused Backups 60 | . 2 2 . 3 3 2 15 . 7 10 . 16 Power 7 | . 1 . . . 2 . 2 . 2 . . . Propulsion 11 | . . . . . . . 5 . 2 . . 4 Utility 35 | . 1 2 . 2 1 2 4 . 3 10 . 10 Weapon 6 | . . . . 1 . . 3 . . . . 2 Tool/Special 1 | . . . . . . . 1 . . . . . Average Slot Usage (%) 91 | . 98 100 100 99 92 93 94 57 87 85 85 82 Engine 7 | . 13 14 14 14 3 4 5 . 5 6 6 5 Treads 8 | . 25 28 28 28 18 10 1 . . . . . Wheel 5 | . . . . . . 6 9 7 7 6 6 5 Device 11 | . 13 14 14 13 9 7 12 9 6 12 12 12 Storage 8 | . 14 14 14 14 9 9 7 7 7 6 6 5 Processor 1 | . . . . . 6 4 . . . 2 6 5 Hackware 1 | . . . . . . . 1 . 6 3 . . Protection 5 | . . . . . 6 13 7 4 6 6 6 6 Energy Gun 17 | . . 10 14 14 8 23 40 20 6 10 19 19 Energy Cannon 7 | . . . . . . . . . 17 17 10 12 Ballistic Gun 5 | . 27 7 . . 8 . 1 . 12 . . . Ballistic Cannon 3 | . . 10 14 14 18 4 . . . . . . Slashing Weapon 2 | . . . . . . . . . 3 6 6 5 Peak Build Rating 73 | 7 10 10 10 16 25 32 50 48 56 70 73 71 Average Rating 40 | 5 9 9 10 10 20 30 41 32 51 66 70 67 On Entrance 27 | . 7 8 10 10 11 23 32 42 14 55 70 71 Avg Prop Armor Cover (%) 6 | . . . . . . 6 5 . . . . . Naked Turns 2 | . . . . . . . . . . . . 2 Heaviest Build 214 | 12 30 31 51 51 60 67 75 72 98 199 214 195 Greatest Support 40 | 40 40 40 40 40 40 40 28 28 28 28 28 28 Greatest Overweight (x) 7 | . 1 . 1 1 1 6 7 2 3 7 7 6 Average Overweight (x) 3 | . . . . 1 1 5 3 1 2 6 6 5 Largest Inventory Capacity 30 | 8 15 15 20 20 20 20 20 20 20 30 30 30 Average Capacity 21 | 7 12 15 18 20 20 20 20 20 20 29 30 28 Most Carried 30 | 8 15 15 17 20 20 20 20 20 20 30 30 30 Average Carried 21 | 5 11 14 16 19 19 18 19 17 19 28 29 28 Final Capacity 30 | 8 15 15 20 20 20 20 20 20 20 30 30 5 Final Carried 30 | 8 15 15 17 20 20 20 20 15 20 29 30 5 Class Distribution -------------------- 30% | Executioner 26% | Mutant 25% | Hauler-Executioner 5% | Scavenger-Tank 4% | Tank 4% | Scavenger-Executioner Dominant Class ---------------- Mutant | -10/Materials Mutant | -10/Mines Mutant | -10/Exiles Mutant | -9/Mines Tank | -8/Materials Scavenger-Tank | -8/Garrison Executioner | -7/Factory Mutant | -7/Waste Executioner | -7/Factory Hauler-Executioner | -6/Factory Hauler-Executioner | -6/Lower Caves Hauler-Executioner | -6/Data Miner Resources | -11 -10 -10 -10 -9 -8 -8 -7 -7 -7 -6 -6 -6 ----------- Run | Yrd Mat Min Exi Min Mat Gar Fac Was Fac Fac Low Dat Matter Collected 4377 | 352 457 119 10 36 63 424 703 . 1259 651 273 30 Remotely . | . . . . . . . . . . . . . Salvage Created 6667 | 149 718 225 . 87 63 978 1216 . 1966 976 259 30 Parts 336 | 10 47 15 . 6 1 37 54 . 122 34 7 3 Haulers Intercepted 10 | . 2 . . . . . 1 . 4 3 . . Recyclers Shooed 8 | 3 3 . . . . . . . 1 1 . . Parts Field Recycled . | . . . . . . . . . . . . . Retrieved Matter . | . . . . . . . . . . . . . Parts Self-Destructed 6 | . . . . . . . . . . . 6 . Prevented . | . . . . . . . . . . . . . Parts Restored 1 | . . . . . . . . . . 1 . . Broken 1 | . . . . . . . . . . 1 . . Kills | -11 -10 -10 -10 -9 -8 -8 -7 -7 -7 -6 -6 -6 ------- Run | Yrd Mat Min Exi Min Mat Gar Fac Was Fac Fac Low Dat Combat Hostiles Destroyed 114 | . 10 4 . . 2 16 29 . 38 9 6 . Guns 53 | . 5 4 . . . 5 21 . 13 3 2 . Cannons 16 | . . . . . 2 2 . . 9 2 1 . AOE 37 | . 5 . . . . 5 7 . 14 3 3 . Classes Destroyed 18 | 2 6 1 . . . 4 2 . 1 1 1 . Worker 12 | . 2 1 . 1 . . 2 . 6 . . . Builder 7 | . . . . . . . . . 6 1 . . Tunneler 5 | 4 1 . . . . . . . . . . . Hauler 10 | . 2 . . . . . 1 . 4 3 . . Recycler 12 | 1 3 . . 1 . . 1 . 4 2 . . Operator 3 | . 1 . . . . . 2 . . . . . Watcher 6 | . 2 . . . . . 1 . 1 2 . . Swarmer 23 | . 3 . . . . 3 3 . 11 3 . . Grunt 54 | . 7 3 . . 2 8 15 . 16 . 3 . Brawler 1 | . . . . . . 1 . . . . . . Duelist 4 | . . . . . . 1 1 . 1 . 1 . Sentry 9 | . . . . . . 2 2 . 3 2 . . Demolisher 1 | . . 1 . . . . . . . . . . Specialist 2 | . . . . . . . . . . 2 . . Hunter 4 | . . . . . . 1 1 . 1 . 1 . Programmer 14 | . . . . . . . 6 . 6 2 . . Heavy 1 | . . . . . . . 1 . . . . . Mutant 1 | . . . . . . . . . . . 1 . Best Kill Streak 10 | 2 5 1 . 2 2 4 5 . 10 3 4 1 Combat Bots Only 8 | . 5 1 . . 2 4 5 . 8 3 4 . Max Kills in Single Turn 4 | 1 3 1 . 1 1 1 2 . 4 3 2 1 Gunslinging . | . . . . . . . . . . . . . Exploded 4 | . 3 . . . . 1 2 . 4 3 2 . Melee . | . . . . . . . . . . . . . Uniques/NPCs Destroyed 1 | . . . . . . . . . . . . 1 Data Miner (-6/Data Miner) Combat | -11 -10 -10 -10 -9 -8 -8 -7 -7 -7 -6 -6 -6 -------- Run | Yrd Mat Min Exi Min Mat Gar Fac Was Fac Fac Low Dat Hostile Shots Fired 723 | . 51 22 . . 20 109 165 9 198 39 29 81 Missed 207 | . 15 2 . . 2 37 37 1 63 16 7 27 Hits 516 | . 36 20 . . 18 72 128 8 135 23 22 54 Melee 13 | . . . . . . 4 . 8 . . 1 . Projectile 503 | . 36 20 . . 18 68 128 . 135 23 21 54 AOE 4 | . . 4 . . . . . . . . . . Critical Strikes 22 | . 2 . . . . 2 10 3 3 . 2 . Part Disruptions 1 | . . . . . . . 1 . . . . . Damage Taken 8867 | . 424 405 . . 275 1223 1903 324 1657 230 270 2156 Core 1831 | . 74 27 . . 142 214 194 96 188 12 36 848 Absorbed by Shields 511 | . . . . . . . . . 184 61 103 163 Ignored by Resistances 229 | . . . . . . . . . . . 33 196 Regen/Repaired (Parts) 1011 | . . . . . . . 63 . 822 126 . . Core Remaining (%) 56 | 100 . . . 59 . 35 . . 31 . . . Volleys Fired 372 | 14 55 17 . 4 9 60 74 2 76 31 23 7 Largest 6 | 2 2 2 . 2 3 3 6 6 6 5 5 3 Hottest 403 | 40 40 70 . 70 80 165 378 403 333 385 390 245 Shots Fired 898 | 28 107 30 . 8 27 103 251 12 208 77 36 11 Gun 655 | 28 104 28 . 4 9 84 238 12 105 27 10 6 Cannon 180 | . . 2 . 4 18 11 . . 93 38 13 1 Launcher 36 | . 3 . . . . 8 8 . 10 1 2 4 Special 27 | . . . . . . . 5 . . 11 11 . Kinetic 299 | 28 104 24 . 4 27 24 19 . 69 . . . Thermal 435 | . . . . . . . 207 12 121 65 23 7 Explosive 36 | . 3 . . . . 8 8 . 10 1 2 4 Electromagnetic 101 | . . 6 . 4 . 71 12 . 8 . . . Robot Hit Streak 24 | 4 9 5 . 2 8 8 15 5 11 23 21 24 Robot Miss Streak 8 | 4 4 2 . 3 4 2 6 1 8 3 2 2 Penetration Max . | . . . . . . . . . . . . . Secondary Targets 5 | . 2 1 . . . . 2 . . . . . Max Gunslinging Chain 1 | . 1 1 . . . . 1 . . . . . Shots Hit Robots 567 | 13 64 19 . 2 19 63 162 8 127 56 24 10 Core Hits 334 | 6 33 8 . 2 4 31 77 3 109 29 20 12 Critical Kills 2 | . . . . . . . . . 1 1 . . Critical Parts Destroyed 1 | . 1 . . . . . . . . . . . Critical Strikes 13 | . 1 . . . 2 1 6 . 1 1 . 1 Burn 7 | . . . . . . . 6 . . . . 1 Meltdown 2 | . . . . . . . . . 1 1 . . Destroy 1 | . 1 . . . . . . . . . . . Blast 2 | . . . . . 2 . . . . . . . Corrupt 1 | . . . . . . 1 . . . . . . Melee Attacks 19 | . . . . . . . . . 8 7 3 1 Impact . | . . . . . . . . . . . . . Slashing 19 | . . . . . . . . . 8 7 3 1 Piercing . | . . . . . . . . . . . . . Sneak Attacks 4 | . . . . . . . . . 1 2 . 1 Combat Hostiles . | . . . . . . . . . . . . . Follow-up Attacks . | . . . . . . . . . . . . . Damage Inflicted 15797 | 173 1096 261 . 64 311 1699 4018 223 4784 1535 568 1065 Guns 7835 | 173 841 253 . 27 88 991 2884 223 1446 610 211 88 Cannons 2516 | . . . . . 223 180 . . 1478 539 78 18 Explosions 5116 | . 255 . . 37 . 528 1132 . 1795 229 279 861 Melee 313 | . . . . . . . . . 58 157 . 98 Ramming 17 | . . 8 . . . . 2 . 7 . . . Kinetic 2844 | 173 841 173 . . 311 275 276 . 795 . . . Thermal 6507 | . . . . 37 . 116 2474 223 2113 1149 289 106 Explosive 4901 | . 255 . . . . 412 1132 . 1733 229 279 861 Electromagnetic 1215 | . . 80 . 27 . 896 134 . 78 . . . Impact . | . . . . . . . . . . . . . Slashing 313 | . . . . . . . . . 58 157 . 98 Piercing . | . . . . . . . . . . . . . Highest Corruption 23 | . . . . . . . 2 22 23 . . . Average Corruption 13 | . . . . . . . 1 13 19 . . . Corruption Purged 5 | . . . . . . . . . 5 . . . Corruption Blocked . | . . . . . . . . . . . . . Effects 146 | . . . . . . . 6 11 129 . . . Message Errors 32 | . . . . . . . . 1 31 . . . Matter Fused 27 | . . . . . . . 2 . 25 . . . Heat Flow Errors 22 | . . . . . . . 3 . 19 . . . Energy Discharges 19 | . . . . . . . 1 1 17 . . . Parts Rejected 1 | . . . . . . . . . 1 . . . Parts Fused 3 | . . . . . . . . 2 1 . . . Data Loss (minor) 19 | . . . . . . . . 3 16 . . . Data Loss (major) 7 | . . . . . . . . . 7 . . . Misfires 5 | . . . . . . . . . 5 . . . Alerts 3 | . . . . . . . . 1 2 . . . Misdirections 4 | . . . . . . . . 3 1 . . . Weapon Failures 4 | . . . . . . . . . 4 . . . Overload Shots . | . . . . . . . . . . . . . Overflow Damage 226 | . 26 . . . . 5 64 . 48 83 . . Projectiles 12 | . . . . . . . . . 9 3 . . Explosions 143 | . 26 . . . . 5 64 . 21 27 . . Melee 71 | . . . . . . . . . 18 53 . . Knockbacks 8 | . . 1 . . 1 6 . . . . . . Impact 1 | . . 1 . . . . . . . . . . Kinetic 6 | . . . . . 1 5 . . . . . . Secondary 1 | . . . . . . 1 . . . . . . Self-Inflicted Damage 262 | . . . . . . 97 21 . 97 . 47 . Shots 9 | . . . . . . 4 1 . 2 . 2 . Rammed 2 | . . . . . . . 1 . 1 . . . Targets Rammed 3 | . . 1 . . . . 1 . 1 . . . Kicked . | . . . . . . . . . . . . . Crushed 1 | . . 1 . . . . . . . . . . Highest Temperature 430 | . 20 15 . 18 236 373 430 148 423 336 300 163 Average Temperature 118 | . 5 5 . 8 119 160 126 79 113 126 105 90 Received Heat Transfer 2058 | . 234 138 . . 162 423 684 . 362 37 18 . Effects 9 | . . . . . . 4 . . 5 . . . Shutdowns 2 | . . . . . . 1 . . 1 . . . Interference 7 | . . . . . . 3 . . 4 . . . Siege Activations . | . . . . . . . . . . . . . Martial Activations . | . . . . . . . . . . . . . Shielding Activations . | . . . . . . . . . . . . . Robots Disrupted . | . . . . . . . . . . . . . Combat Hostiles . | . . . . . . . . . . . . . Robots Corrupted 5 | . . . . . . 5 . . . . . . Combat Hostiles 4 | . . . . . . 4 . . . . . . Parts Fried 6 | . . 1 . . . 4 1 . . . . . Impact Corruptions . | . . . . . . . . . . . . . Robots Melted 5 | . . . . . . . 1 . 2 2 . . Combat Hostiles 4 | . . . . . . . 1 . 2 1 . . Parts Melted 32 | . . . . . . . 11 . 10 6 5 . Heat Transferred 13309 | . . . . . . 150 5587 483 3791 2224 637 437 Parts Sabotaged . | . . . . . . . . . . . . . Parts Stolen . | . . . . . . . . . . . . . Parts Stripped . | . . . . . . . . . . . . . Power Chain Reactions 4 | . . . . 1 . 2 . . 1 . . . Alert | -11 -10 -10 -10 -9 -8 -8 -7 -7 -7 -6 -6 -6 ------- Run | Yrd Mat Min Exi Min Mat Gar Fac Was Fac Fac Low Dat Maximum Alert Level 3 | . . . . . . 2 2 . 3 2 . . Low Security (%) 52 | 100 100 100 . 100 100 60 37 100 37 . . . Level 1 30 | . . . . . . 30 54 . 7 90 . . Level 2 11 | . . . . . . 9 7 . 30 9 . . Level 3 5 | . . . . . . . . . 25 . . . Level 4 . | . . . . . . . . . . . . . Level 5 . | . . . . . . . . . . . . . High Security . | . . . . . . . . . . . . . Max Security . | . . . . . . . . . . . . . Peak Influence 993 | 5 180 30 . 64 40 589 548 190 993 478 . . Initial 478 | . . . . . 21 26 308 190 7 478 . . Average 228 | 1 65 7 . 2 7 191 250 106 429 287 . . Influence Increases 4263 | 25 353 125 . 79 50 663 1072 . 1380 371 120 25 Destroy 0b10 Robot/C 2380 | . 200 80 . 40 40 320 640 . 760 180 100 20 Destroy 0b10 Robot/NC 295 | 25 55 5 . 10 . 15 40 . 105 40 . . Destroy Leader 562 | . 58 10 . 10 10 20 176 . 190 68 20 . Allied During Kill 32 | . . . . 3 . . 24 . . . . 5 Successful Hack 252 | . 24 . . . . . 120 . 43 65 . . Disable Machine 210 | . . . . . . 15 15 . 180 . . . Anti-Garrison Action 200 | . . . . . . 200 . . . . . . Destroy Structure 227 | . 16 . . 1 . 63 42 . 87 18 . . Lose Combat Pursuer 105 | . . 30 . 15 . 30 15 . 15 . . . Influence Decreases 4263 | 25 353 125 . 23 66 114 1117 534 414 1072 395 25 Entered New Map 1288 | . . . . . 35 14 281 354 3 498 103 . Time Decay 2580 | 25 343 115 . 23 31 . 676 110 391 574 292 . Lost Part 310 | . 10 10 . . . 100 100 70 20 . . . Lost Ally 85 | . . . . . . . 60 . . . . 25 Squads Dispatched 31 | . 2 . . . 1 . 13 . 10 5 . . Investigation 5 | . 1 . . . . . 2 . 2 . . . Extermination 13 | . . . . . . . 4 . 6 3 . . Reinforcement 10 | . 1 . . . . . 5 . 2 2 . . Assault . | . . . . . . . . . . . . . Garrison 3 | . . . . . 1 . 2 . . . . . Intercept . | . . . . . . . . . . . . . Searches Triggered . | . . . . . . . . . . . . . Construction Impeded 3 | . . . . . . . 2 . 1 . . . Haulers Reinforced . | . . . . . . . . . . . . . Active Scanning Responses . | . . . . . . . . . . . . . Cargo Convoy Interrupts . | . . . . . . . . . . . . . Stealth | -11 -10 -10 -10 -9 -8 -8 -7 -7 -7 -6 -6 -6 --------- Run | Yrd Mat Min Exi Min Mat Gar Fac Was Fac Fac Low Dat Distress Signals 6 | . 1 . . . . . 2 . 2 1 . . Communications Jammed 9 | . . . . . . . . . 9 . . . Distress Signals 9 | . . . . . . . . . 9 . . . Times Spotted 173 | . 26 6 . 3 3 19 42 6 45 13 6 4 Peak Tracking Total 7 | . 6 2 . 2 3 5 6 6 7 3 4 4 Tactical Retreats 6 | . . 2 . 1 . 1 1 . 1 . . . Traps | -11 -10 -10 -10 -9 -8 -8 -7 -7 -7 -6 -6 -6 ------- Run | Yrd Mat Min Exi Min Mat Gar Fac Was Fac Fac Low Dat Traps Triggered 21 | . . . . . . 8 4 . 8 1 . . Indirectly . | . . . . . . . . . . . . . Trap Hack Attempts . | . . . . . . . . . . . . . Triggered . | . . . . . . . . . . . . . Disarmed . | . . . . . . . . . . . . . Reprogrammed . | . . . . . . . . . . . . . Reused . | . . . . . . . . . . . . . Traps Extracted . | . . . . . . . . . . . . . Installed . | . . . . . . . . . . . . . Triggered . | . . . . . . . . . . . . . Machines | -11 -10 -10 -10 -9 -8 -8 -7 -7 -7 -6 -6 -6 ---------- Run | Yrd Mat Min Exi Min Mat Gar Fac Was Fac Fac Low Dat Machines Disabled 17 | . . . . . . 3 1 . 12 . 1 . Max in Single Turn 5 | . . . . . . 1 1 . 5 . 1 . Garrison Relay 2 | . . . . . . 2 . . . . . . Machines Repaired . | . . . . . . . . . . . . . Machines Dismantled . | . . . . . . . . . . . . . Machines Sabotaged . | . . . . . . . . . . . . . Overloaded Fab Kills . | . . . . . . . . . . . . . Hacking | -11 -10 -10 -10 -9 -8 -8 -7 -7 -7 -6 -6 -6 --------- Run | Yrd Mat Min Exi Min Mat Gar Fac Was Fac Fac Low Dat Machines Accessed 51 | . 7 . . 1 1 1 12 . 16 9 . 4 Terminals 22 | . 7 . . . . 1 6 . 7 1 . . Fabricators 5 | . . . . . . . 1 . 2 2 . . Repair Stations 8 | . . . . . . . 2 . 2 4 . . Recycling Units 6 | . . . . . . . 1 . 3 2 . . Scanalyzers 3 | . . . . . . . 1 . 2 . . . Garrison Access 2 | . . . . . 1 . 1 . . . . . Total Hacks 151 | . 23 . . 1 1 2 35 . 39 18 . 32 Successful 98 | . 9 . . 1 1 . 20 . 23 12 . 32 Failed 53 | . 14 . . . . 2 15 . 16 6 . . Catastrophic 8 | . 1 . . . . . 2 . 4 1 . . Database Lockouts . | . . . . . . . . . . . . . Manual 59 | . 19 . . . . . 14 . 19 7 . . Terminals 62 | . 23 . . . . 2 19 . 16 2 . . Fabricators 13 | . . . . . . . 2 . 7 4 . . Repair Stations 18 | . . . . . . . 5 . 6 7 . . Recycling Units 13 | . . . . . . . 2 . 6 5 . . Scanalyzers 9 | . . . . . . . 5 . 4 . . . Garrison Access 3 | . . . . . 1 . 2 . . . . . Terminal Hacks 44 | . 5 . . 1 . . 4 . 2 . . 32 Record 11 | . . . . . . . . . . . . 11 Part Schematic 10 | . . . . . . . . . . . . 10 Robot Schematic 8 | . . . . . . . . . . . . 8 Robot Analysis 4 | . 3 . . . . . . . 1 . . . Prototype ID Bank 3 | . . . . . . . . . . . . 3 Open Door 1 | . . . . 1 . . . . . . . . Terminal Index 3 | . 1 . . . . . 1 . 1 . . . Locate Traps 1 | . . . . . . . 1 . . . . . Transport Status 1 | . . . . . . . 1 . . . . . Zone Layout 2 | . 1 . . . . . 1 . . . . . Fabricator Hacks 4 | . . . . . . . 1 . 2 1 . . Network Status 3 | . . . . . . . 1 . 1 1 . . Load Schematic 1 | . . . . . . . . . 1 . . . Repair Station Hacks 13 | . . . . . . . 3 . 5 5 . . Scan Component 8 | . . . . . . . 2 . 3 3 . . Repair 5 | . . . . . . . 1 . 2 2 . . Recycling Unit Hacks 6 | . . . . . . . 2 . 2 2 . . Report Inventory 5 | . . . . . . . 1 . 2 2 . . Retrieve Matter 1 | . . . . . . . 1 . . . . . Scanalyzer 4 | . . . . . . . 3 . 1 . . . Insert Component 1 | . . . . . . . 1 . . . . . Analyze 1 | . . . . . . . 1 . . . . . Retrieve Study 2 | . . . . . . . 1 . 1 . . . Garrison Access Hacks 2 | . . . . . 1 . 1 . . . . . Unlock Access 1 | . . . . . 1 . . . . . . . Coupler Status 1 | . . . . . . . 1 . . . . . Unauthorized Hacks 25 | . 4 . . . . . 6 . 11 4 . . Terminals 17 | . 4 . . . . . 3 . 8 2 . . Botnet 8 | . 2 . . . . . 2 . 3 1 . . Skim 9 | . 2 . . . . . 1 . 5 1 . . Fabricators 3 | . . . . . . . 1 . 1 1 . . Fabnet 1 | . . . . . . . 1 . . . . . Haulers 2 | . . . . . . . . . 1 1 . . Repair Stations 1 | . . . . . . . 1 . . . . . Patch 1 | . . . . . . . 1 . . . . . Recycling Units 3 | . . . . . . . . . 2 1 . . Reject 1 | . . . . . . . . . 1 . . . Recyclers 2 | . . . . . . . . . 1 1 . . Scanalyzers . | . . . . . . . . . . . . . Garrison Access 1 | . . . . . . . 1 . . . . . Reprogram 1 | . . . . . . . 1 . . . . . Data Cores Recovered 1 | . . . . . . . 1 . . . . . Used 1 | . . . . . . . 1 . . . . . Hacking Detections 43 | . 7 . . . . 1 11 . 15 9 . . Full Trace Events 1 | . 1 . . . . . . . . . . . Feedback Events . | . . . . . . . . . . . . . Feedback Blocked . | . . . . . . . . . . . . . Robot Schematics Acquired 8 | . . . . . . . . . . . . 8 Robots Built . | . . . . . . . . . . . . . Authchips . | . . . . . . . . . . . . . Time . | . . . . . . . . . . . . . Total Robot Build Rating . | . . . . . . . . . . . . . Part Schematics Acquired 11 | . . . . . . . 1 . . . . 10 Parts Built . | . . . . . . . . . . . . . Authchips . | . . . . . . . . . . . . . Time . | . . . . . . . . . . . . . Total Part Build Rating . | . . . . . . . . . . . . . Part Studies Acquired 2 | . . . . . . . 1 . 1 . . . Parts Repaired 5 | . . . . . . . 1 . 2 2 . . Time 184 | . . . . . . . 61 . 57 66 . . Parts Recycled . | . . . . . . . . . . . . . Recycled Matter . | . . . . . . . . . . . . . Retrieved Matter . | . . . . . . . . . . . . . Retrieved Components . | . . . . . . . . . . . . . Parts Scanalyzed 1 | . . . . . . . 1 . . . . . Part Schematics Acquired 1 | . . . . . . . 1 . . . . . Parts Damaged . | . . . . . . . . . . . . . Bothacking | -11 -10 -10 -10 -9 -8 -8 -7 -7 -7 -6 -6 -6 ------------ Run | Yrd Mat Min Exi Min Mat Gar Fac Was Fac Fac Low Dat Used RIF Installer 1 | . . . . . . 1 . . . . . . Robots Hacked 8 | . . . . . . . 1 . . 6 1 . Non-combat 7 | . . . . . . . . . . 6 1 . Combat 1 | . . . . . . . 1 . . . . . Robot Hacks Applied 15 | . . . . . . . 3 . . 10 2 . parse_system 5 | . . . . . . . 2 . . 1 2 . no_distress 2 | . . . . . . . . . . 2 . . find_chute 2 | . . . . . . . . . . 2 . . ignore_repairs 1 | . . . . . . . . . . 1 . . find_fabricator 1 | . . . . . . . . . . 1 . . find_dsf 1 | . . . . . . . . . . 1 . . find_recycling 1 | . . . . . . . . . . 1 . . check_alert 1 | . . . . . . . . . . 1 . . formatsys_high 1 | . . . . . . . 1 . . . . . Relay Couplers Released 11 | . . . . . . 7 4 . . . . . Machine Destruction 7 | . . . . . . 7 . . . . . . Programmers 4 | . . . . . . . 4 . . . . . Attached 1 | . . . . . . . 1 . . . . . Fabnet Peak Effective % 3 | . . . . . . . . . . 3 3 3 Robots Rewired 4 | . . . . . . . . . . . 4 . Allies Hacked . | . . . . . . . . . . . . . Hacks Repelled . | . . . . . . . . . . . . . Allies | -11 -10 -10 -10 -9 -8 -8 -7 -7 -7 -6 -6 -6 -------- Run | Yrd Mat Min Exi Min Mat Gar Fac Was Fac Fac Low Dat Total Allies 8 | . . . . 1 . . 3 . . . 4 . Largest Group 4 | . . . . 1 1 . 3 . . . 4 4 Highest-Rated Group 117 | . . . . 31 31 . 64 . . . 117 117 Highest-Rated Ally 32 | . . . . 31 31 . 32 . . . 30 30 Total Orders 9 | . . . . . . . . . . . 3 6 STAY 6 | . . . . . . . . . . . 2 4 FOLLOW 3 | . . . . . . . . . . . 1 2 Ally Attacks 35 | . . . . 13 . . 14 . . . . 8 Total Damage 747 | . . . . 251 . . 348 . . . . 148 Kills 6 | . . . . 2 . . 4 . . . . . Allies Corrupted . | . . . . . . . . . . . . . Allies Melted . | . . . . . . . . . . . . . Intel | -11 -10 -10 -10 -9 -8 -8 -7 -7 -7 -6 -6 -6 ------- Run | Yrd Mat Min Exi Min Mat Gar Fac Was Fac Fac Low Dat Active Infowar (turns) 10748 | . 1011 378 1066 1348 174 325 1527 . 1582 1302 1728 307 Sensors 3830 | . . . . . . . 1043 . . 752 1728 307 Terrain 907 | . 907 . . . . . . . . . . . Seismic 3835 | . 104 378 1066 1348 174 325 440 . . . . . Jamming 2458 | . . . . . . . 326 . 1582 550 . . Robot Analysis Total 4 | . 3 . . . . . . . 1 . . . Derelict Logs Recovered 2 | . . . . . . . . . . . 2 . Drone Launches . | . . . . . . . . . . . . . Drone Recoveries . | . . . . . . . . . . . . . Exploration | -11 -10 -10 -10 -9 -8 -8 -7 -7 -7 -6 -6 -6 ------------- Run | Yrd Mat Min Exi Min Mat Gar Fac Was Fac Fac Low Dat Turns Passed 15078 | 201 1032 378 1066 1353 174 1203 2658 236 2740 1757 1924 356 Spaces Moved 7479 | 118 522 195 496 432 51 519 1531 178 1525 806 942 164 Core 32 | 17 . . . . . . . . . . . 15 Treads 1754 | 12 476 195 496 432 51 92 . . . . . . Legs 135 | 89 46 . . . . . . . . . . . Wheels 5558 | . . . . . . 427 1531 178 1525 806 942 149 Hover . | . . . . . . . . . . . . . Flight . | . . . . . . . . . . . . . Fastest Speed 50 | 50 120 160 160 240 240 155 125 115 115 145 190 50 Average Speed 166 | 113 156 160 214 240 240 182 136 123 138 190 190 177 Slowest Speed 400 | 160 190 160 240 240 240 400 185 130 145 205 205 190 Overloaded Moves . | . . . . . . . . . . . . . Propulsion Burnouts . | . . . . . . . . . . . . . Robots Hopped . | . . . . . . . . . . . . . Potential Cave-ins 2 | . . 2 . . . . . . . . . . Cave-ins Triggered . | . . . . . . . . . . . . . Exploration Rate (%) 50 | 5 82 50 66 57 4 59 26 76 41 20 89 79 Regions Visited 12 Branch Regions 5 Pre-discovered Areas 3 | . . . . . . . . . 2 . . 1 Known Exits Taken 3 | . . . . . 1 . . . . 1 1 . Unknown Exits Taken 6 | 1 1 1 1 1 . . . . 1 . . . Scrap Searched 5 | . . 1 . 1 . . . . . . 3 . Spaces Dug 80 | . . . . . . 47 19 . 7 5 2 . Terrain Destroyed 281 | . 11 . . 1 . 73 53 . 80 16 29 18 Melee 14 | . . . . . . . . . 7 5 2 . Projectile 7 | . . . . . . . . . 2 2 3 . AOE 260 | . 11 . . 1 . 73 53 . 71 9 24 18 Terrain Rammed . | . . . . . . . . . . . . . Walls Destroyed . | . . . . . . . . . . . . . Machines Disabled . | . . . . . . . . . . . . . Actions | -11 -10 -10 -10 -9 -8 -8 -7 -7 -7 -6 -6 -6 --------- Run | Yrd Mat Min Exi Min Mat Gar Fac Was Fac Fac Low Dat Total 9343 | 151 632 233 501 743 83 680 1951 187 1978 957 1031 216 Wait 894 | 2 26 4 . 296 . 26 216 3 243 33 13 32 Move 7470 | 117 521 194 495 431 51 518 1531 177 1525 805 941 164 Hop . | . . . . . . . . . . . . . Pick Up 138 | 8 12 7 3 5 9 11 33 . 21 28 1 . Fast Attach 73 | 6 4 . . 2 1 4 16 . 26 7 4 3 Attach 48 | . 3 1 . . 4 15 8 4 5 4 . 4 Detach 16 | . . . . . . 5 3 . 2 4 1 1 Swap 114 | 4 3 3 1 . 3 1 30 1 31 21 15 1 Drop 119 | . 8 6 2 5 6 5 39 . 25 17 3 3 Fire 372 | 14 55 17 . 4 9 60 74 2 76 31 23 7 Melee 19 | . . . . . . . . . 8 7 3 1 Ram 1 | . . . . . . . 1 . . . . . Kick . | . . . . . . . . . . . . . Crush 1 | . . 1 . . . . . . . . . . Escape Stasis 50 | . . . . . . 34 . . 16 . . . Rewire 28 | . . . . . . 1 . . . . 27 . Trap . | . . . . . . . . . . . . . Miscellaneous . | . . . . . . . . . . . . . Route ------- -11/Scrapyard -10/Materials (discovered 4 exits: [*Mat x2] / [*Min] / [*Sub]) -10/Mines -10/Exiles -9/Mines -8/Materials -8/Garrison (discovered 2 exits: *Fac x2) -7/Factory (discovered 3 exits: *Fac x2 / [*Low]) -7/Waste -7/Factory (discovered 2 exits: *Fac / [*Low]) -6/Factory (discovered 2 exits: *Fac / *Low) -6/Lower Caves (discovered 2 exits: *Low / *Dat) -6/Data Miner (discovered 1 exit: [*Pro]) History --------- Turn | Location | Event 3 | -11/Scrapyard | Discovered new exit (range 16) 202 | -11/Scrapyard | Entered Materials 300 | -10/Materials | Build established: Mutant 457 | -10/Materials | Discovered new exit (range 13) 723 | -10/Materials | Discovered new exit (range 15) 875 | -10/Materials | Build established: Scavenger-Mutant 1037 | -10/Materials | Discovered new exit (range 16) 1088 | -10/Materials | Discovered new exit (range 8) 1189 | -10/Materials | Build established: Mutant 1234 | -10/Materials | Entered Mines 1308 | -10/Mines | Assembled infested the area 1310 | -10/Mines | Met a Derelict bent on vengeance 1331 | -10/Mines | Met 8R-AWN 1605 | -10/Mines | Discovered new exit (range 5) 1612 | -10/Mines | Entered Exiles 1652 | -10/Exiles | Welcomed by 8R-AWN 1678 | -10/Exiles | Met EX-HEX 1803 | -10/Exiles | Met EX-DEC 2450 | -10/Exiles | Met EX-BIN 2649 | -10/Exiles | Discovered new exit (range 14) 2678 | -10/Exiles | Entered Mines 3460 | -9/Mines | Found the Drone Emporium 3476 | -9/Mines | Found Prototype Device 3476 | -9/Mines | Identified Splice Drone Bay 3789 | -9/Mines | Received a Mining Laser from a helpful Derelict 4007 | -9/Mines | Discovered new exit (range 8) 4031 | -9/Mines | Entered Materials 4031 | -8/Materials | Accompanied by 1 ally 4031 | -8/Materials | Evolved 4 slots: Utility x2, Weapon x2 4166 | -8/Materials | Garrison activated, responded to threat 4205 | -8/Materials | Identified exit to Garrison 4205 | -8/Materials | Entered Garrison 4385 | -8/Garrison | Build established: Tank 4429 | -8/Garrison | Triggered checkpoint 4448 | -8/Garrison | Triggered checkpoint 4521 | -8/Garrison | Core integrity fell below 50% 4568 | -8/Garrison | Lost 10 parts (1p2n3u4w) 4593 | -8/Garrison | Triggered checkpoint 4933 | -8/Garrison | Triggered checkpoint 4982 | -8/Garrison | Installed Relay Interface Framework 5037 | -8/Garrison | Build established: Scavenger-Tank 5041 | -8/Garrison | Garrison Relay disabled 5093 | -8/Garrison | Discovered new exit (range 12) 5247 | -8/Garrison | Triggered checkpoint 5294 | -8/Garrison | Garrison Relay disabled 5389 | -8/Garrison | Discovered new exit (range 9) 5408 | -8/Garrison | Entered Factory 5408 | -7/Factory | Evolved 2 slots: Weapon x2 5766 | -7/Factory | Build established: Scavenger-Executioner 6243 | -7/Factory | Garrison activated, responded to threat 6280 | -7/Factory | Build established: Executioner 6612 | -7/Factory | Discovered new exit (range 16) 7123 | -7/Factory | Garrison activated, responded to threat 7295 | -7/Factory | Discovered new exit (range 8) 7535 | -7/Factory | Repaired Corrupted Gatling Laser 7576 | -7/Factory | Discovered new exit (range 13) 8051 | -7/Factory | Lost 4 parts (1u3w) 8066 | -7/Factory | Sucked down chute 8066 | -7/Factory | Entered Waste 8081 | -7/Waste | EMP discharged 8081 | -7/Waste | System corruption reached 10% 8095 | -7/Waste | Spotted C-40 Crusher 8098 | -7/Waste | Spotted C-40 Crusher 8104 | -7/Waste | Spotted C-40 Crusher 8105 | -7/Waste | Spotted C-40 Crusher 8150 | -7/Waste | Crushed by Compactor (0 parts destroyed, 1 dropped) 8179 | -7/Waste | Spotted C-40 Crusher 8181 | -7/Waste | EMP discharged 8183 | -7/Waste | Spotted C-40 Crusher 8208 | -7/Waste | Crushed by Compactor (1 part destroyed) 8210 | -7/Waste | Crushed by Compactor (0 parts destroyed, 1 dropped) 8212 | -7/Waste | Crushed by Compactor (1 part destroyed, 1 dropped) 8215 | -7/Waste | Crushed by Compactor (0 parts destroyed, 1 dropped) 8216 | -7/Waste | Crushed by Compactor (1 part destroyed, 1 dropped) 8224 | -7/Waste | Crushed by Compactor (1 part destroyed) 8255 | -7/Waste | Lost 6 parts (1p1n1u3w) 8281 | -7/Waste | EMP discharged 8291 | -7/Waste | Discovered new exit (range 10) 8302 | -7/Waste | Entered Factory 9525 | -7/Factory | Core integrity fell below 50% 9575 | -7/Factory | Destroyed 8 combat bots 9750 | -7/Factory | Repaired Imp. Cooling System? 9922 | -7/Factory | Discovered new exit (range 16) 10516 | -7/Factory | Discovered new exit (range 4) 10711 | -7/Factory | Repaired Cargo Storage Unit 10825 | -7/Factory | Learned location of 2 exits from Upper Caves 10868 | -7/Factory | Learned Extension trap positions 10899 | -7/Factory | Learned 2 Proximity Caves zone layouts 10922 | -7/Factory | Learned location of 1 exit from Hub_04(d) 10933 | -7/Factory | Learned location of Zion (-7) 10934 | -7/Factory | Learned location of 1 exit from Upper Caves 10935 | -7/Factory | Learned 2 Extension zone layouts 10937 | -7/Factory | Learned 2 Lower Caves zone layouts 10948 | -7/Factory | Loaded intel: 5 fabricator locations 10968 | -7/Factory | Learned Extension emergency access door positions 11042 | -7/Factory | Entered another Factory area 11042 | -6/Factory | Evolved 2 slots: Utility x2 11132 | -6/Factory | Repaired Coolant Injector 11380 | -6/Factory | Build established: Hauler-Executioner 11757 | -6/Factory | Repaired Hvy. Missile Launcher 12213 | -6/Factory | Discovered new exit (range 8) 12226 | -6/Factory | Identified exit to Factory 12699 | -6/Factory | Discovered new exit (range 9) 12714 | -6/Factory | Identified exit to Lower Caves 12799 | -6/Factory | Entered Lower Caves 13162 | -6/Lower Caves | Encountered a Warlord checkpoint 13496 | -6/Lower Caves | Attacked by a delusional Derelict stockpiling Unaware 13625 | -6/Lower Caves | Discovered new exit (range 9) 13680 | -6/Lower Caves | Identified exit to Lower Caves 13686 | -6/Lower Caves | A Derelict revealed a hidden shortcut to meet someone special 13698 | -6/Lower Caves | Identified exit to Data Miner 14122 | -6/Lower Caves | Learned Factory terminal intel 14373 | -6/Lower Caves | Learned Factory stockpile data 14723 | -6/Lower Caves | Entered Data Miner 14723 | -6/Data Miner | Accompanied by 4 allies 14723 | -6/Data Miner | Discovered new exit (range 6) 14760 | -6/Data Miner | Met Data Miner 14794 | -6/Data Miner | Learned location of Section 7 (-2) 14794 | -6/Data Miner | Acquired the access code to Warlord's prototype stash 14824 | -6/Data Miner | Received God Mode back door access code from Data Miner 15013 | -6/Data Miner | Destroyed Data Miner 15018 | -6/Data Miner | Data Conduit disabled 15055 | -6/Data Miner | Lost 3 allies 15068 | -6/Data Miner | Found Prototype Hackware 15068 | -6/Data Miner | Identified Deep Network Scanner 15070 | -6/Data Miner | Core integrity fell below 50% 15071 | -6/Data Miner | Found Prototype Hackware 15071 | -6/Data Miner | Identified Ghost Barrier 15073 | -6/Data Miner | Found Prototype Hackware 15073 | -6/Data Miner | Identified Quantum Router 15076 | -6/Data Miner | Core integrity fell below 20% 15079 | -6/Data Miner | Destroyed by Enhanced Grunt with Neutron Cannon Last Messages --------------- 15062_ Dropped Cargo Storage Unit. 15063_ Hvy. Ion Cannon destroyed. 15064_ Imp. Shield Generator destroyed. 15064_ Thermic Laser destroyed. 15064_ Gatling Laser destroyed. 15064_ Dropped Power Sword. 15066_ Arm. Huge Wheel destroyed. 15068_ Acquired Prototype Hackware. 15068_ Identified Deep Network Scanner. 15068_ Enhanced Grunt overheating. 15069_ Extracted 93 energy. 15071_ Acquired Prototype Hackware. 15071_ Identified Ghost Barrier. 15072_ Enhanced Grunt heat short circuits Prototype Leg. 15073_ Acquired Prototype Hackware. 15073_ Identified Quantum Router. 15074_ Extracted 27 energy. 15077_ Enhanced Grunt heat short circuits Adv. Heat Sink. Map ----- +----------------------------------------------------+ | | | | | | | | | | | | | | | | | | | | | | | | | ????????????????????????????????????????????? | | ????????????????????????????????????????????? | | ????????????????????????????????????????????? | | ?????????????????????###????????????????????? | | ?????????????????#### #####?????????####???? | | ????############## # #?#?#???### #???? | | ????#""""""""""""" # =#!# #??## #???? | | ???#"""""" " "" %!!! # ## < ##???? | | ???""""" ]/ *[%=%= ##### | | ??#"""""=!!! gg = | | ??#""""!=! ! g | | ??#""""" ! == g | | ???"""""!! !! # | | ???"""" ]!!! @ "" """"""""""""##### | | ???""""" !| """"###############???? | | ????"""""" """""###?????????????????? | | ????#"""""""" "#####???????????????????? | | ????########"#; "#???????????????????????? | | ???????????#"### "#???????????????????????? | | ???????????#"### "#???????????????????????? | | ???????????#"## "#???????????????????????? | | ????????????"## "#???????????????????????? | | ?????????????# "#???????????????????????? | | ?????????????### "#???????????????????????? | | ???????????????# "##??????????????????????? | | ??????????????## ""#??????????????????????? | | ???????????#?## ""#??????????????????????? | | ??????????##"#"X ""#??????????????????????? | | ??????????""""" "####???????????????????? | | ??????????""""" X"""""???????????????????? | | ??????????##"#"X "##"#???????????????????? | | ???????????#?## X""""#???????????????????? | | ??????????????## "##"#???????????????????? | | ???????????????#######??????????????????????? | | ????????????????????????????????????????????? | | ????????????????????????????????????????????? | | ????????????????????????????????????????????? | | ????????????????????????????????????????????? | +----------------------------------------------------+ Best States ------------- Heat Dissipation 75 Coolant Potential 65 Energy Generation 18 Energy Capacity 310 Matter Stores 300 Matter Capacity 300 Sight Range 16 Robot Scan Range 16 Terrain Scan Range 16 Terrain Scan Density 10 Jamming Range 12 EM Shielding 2 Corruption Block 8 Armor Coverage 450 Resistance: KI 30 Resistance: TH 15 Evasion (%) 55 Melee Accuracy 5 Recoil Reduction 2 Offensive Hacking 25 Relay Coupler Types 1 Relay Coupler Value 19 Authchip Count 1 Item Schematics ----------------- Gatling Laser | -7/Factory | Scanalyzed Combat Drone Bay | -6/Data Miner | Free Lgt. Regenerative Plating | -6/Data Miner | Free Cld. Nuclear Pulse Thruster | -6/Data Miner | Free Imp. Thermal Defense Suite | -6/Data Miner | Free Plasma Sword | -6/Data Miner | Free Imp. Gyrokinetic Inverter | -6/Data Miner | Free Adv. Focal Shield | -6/Data Miner | Free Hvy. Gauss Cannon | -6/Data Miner | Free Adv. Cryofiber Web | -6/Data Miner | Free Adv. Point Defense System | -6/Data Miner | Free Robot Schematics ------------------ L-41 Fighter | -6/Data Miner | Free X-72 Disruptor | -6/Data Miner | Free G-50 Soldier | -6/Data Miner | Free I-47 Archangel | -6/Data Miner | Free R-10 Processor | -6/Data Miner | Free P-70 Sage | -6/Data Miner | Free H-77 Assassin | -6/Data Miner | Free M-22 Extractor | -6/Data Miner | Free Fabricated ------------ Nothing Repaired ---------- Gatling Laser | 91% | -7/Factory | Corrupted Imp. Cooling System | 11% | -7/Factory Cargo Storage Unit | 24% | -7/Factory Coolant Injector | 8% | -6/Factory Hvy. Missile Launcher | 32% | -6/Factory Studied --------- Pulse Rifle | -7/Factory | Hacked Plasma Cannon | -7/Factory | Hacked Alien Tech Used ----------------- None Achievements -------------- None Challenges ------------ None Game ------ Seed TeslaDeliverySword Manual? 0 Play Time 01:54:33 Cumulative 7.6 hours Start 2026.02.24 @ 21:56:29 End 2026.02.25 @ 16:43:52 Sessions 5 Manual Loads 0 Difficulty Rogue Special Mode None Game No. 12 Rogue 12 Adventurer 0 Explorer 0 Win Type - Total 0 Types 0/0/0/0/0/0/0/0/0/0 Lore% 14 Gallery% 17 Achievement% 56 Wizard Run 0 Options --------- Layout 1 ASCII 0 Keyboard 1 Movement Vi Keybinds 0 Fullscreen 2 Font 24/Terminus Map View 50x35 Zoom Use 0% Tactical HUD 1 Map Filters NONE Filters NONE Steam 1 RUN: 82e60550-b5f6-4d5f-89d2-3b0a5d327df7